Map: Abyssal Reef LE

Players

LiquidTLO (TLO)

  • Race: Zerg Zerg
  • Spawn Location: 11:00

Harstem - Winner!

  • Race: Protoss Protoss
  • Spawn Location: 5:00

Event: WCS Jonkoping 2017

VOD

Have the link to the VOD?

Description

Time

  • Played on: June 17, 2017, 9:53 a.m.
  • Length: 12:55

All games in this series

Show
View Real Time Build Order
Export as new Build Order

LiquidTLO Zerg 

Build Orders: Hatch First, Lurkers 

Get SALT Encoding   

  12  0:00  Drone  
  13  0:13  Overlord  
  13  0:17  Drone  
  14  0:32  Drone x2  
  16  0:50  Hatchery  
  16  0:52  Drone  
  16  0:56  Drone  
  17  1:10  Spawning Pool  
  16  1:13  Drone  
  16  1:17  Drone  
  18  1:20  Drone  
  18  1:22  Extractor  
  18  1:29  Drone  
  19  1:39  Overlord  
  19  1:57  Queen  
  19  1:58  Zergling x2  
  19  2:01  Zergling x2  
  23  2:02  Queen  
  23  2:03  Zergling x2  
  26  2:12  Drone  
  26  2:13  Drone  
  28  2:30  Hatchery, Drone  
  28  2:34  Drone  
  28  2:36  Drone  
  30  2:41  Drone  
  31  2:47  Queen  
  33  2:52  Overlord  
  33  2:55  Drone  
  35  2:58  Drone  
  35  3:01  Drone  
  35  3:05  Overlord  
  36  3:12  Drone  
  36  3:13  Drone x2  
  36  3:14  Drone  
  36  3:17  Drone  
  40  3:23  Lair  
  40  3:26  Drone  
  41  3:29  Drone  
  41  3:31  Extractor  
  41  3:36  Roach Warren, Drone  
  41  3:38  Drone  
  42  3:42  Drone  
  42  3:45  Drone x2  
  42  3:46  Drone  
  42  3:48  Drone  
  47  3:54  Drone x2  
  47  3:55  Drone x2  
  51  3:57  Drone  
  52  4:04  Overlord  
  52  4:06  Drone  
  53  4:14  Spore Crawler, Drone  
  53  4:16  Overlord  
  53  4:18  Overlord  
  53  4:20  Roach x2  
  53  4:23  Roach  
  59  4:24  Overseer  
  59  4:26  Roach  
  59  4:27  Roach  
  59  4:28  Roach  
  65  4:32  Drone  
  65  4:34  Overlord  
  65  4:36  Overlord  
  66  4:39  Overlord  
  66  4:43  Overlord  
  66  4:46  Drone  
  66  4:49  Overlord  
  66  4:50  Drone x2  
  69  4:53  Drone  
  69  4:55  Drone  
  69  4:56  Metabolic Boost  
  69  4:57  Hydralisk Den  
  69  4:58  Drone  
  72  5:00  Drone  
  72  5:01  Drone  
  72  5:02  Drone  
  72  5:05  Drone  
  72  5:06  Drone  
  77  5:07  Drone  
  74  5:14  Drone x4  
  74  5:16  Drone  
  74  5:17  Drone  
  74  5:20  Drone  
  77  5:26  Extractor, Muscular Augments  
  77  5:27  Extractor  
  75  5:28  Spore Crawler  
  75  5:31  Zergling x2  
  75  5:32  Zergling x6  
  75  5:33  Zergling x2  
  75  5:34  Zergling x2  
  80  5:37  Zergling x2  
  80  5:40  Zergling x2  
  82  5:43  Drone  
  82  5:44  Drone  
  82  5:45  Extractor, Zergling x4  
  82  5:47  Zergling x2  
  86  5:52  Drone x2  
  86  5:55  Drone x2  
  89  5:58  Hydralisk  
  89  5:59  Drone  
  89  6:00  Zergling x2  
  89  6:02  Zergling x2  
  93  6:07  Roach x2  
  93  6:08  Roach x2  
  90  6:12  Roach  
  90  6:13  Hydralisk x3  
  90  6:15  Zergling x2  
  93  6:20  Zergling x2  
  93  6:24  Hydralisk x2  
  96  6:31  Hydralisk  
  98  6:39  Hydralisk x2  
  95  6:43  Zergling x2  
  95  6:44  Zergling x2  
  95  6:45  Zergling x2  
  102  6:52  Overlord  
  102  6:56  Overlord  
  102  6:59  Hatchery, Overlord  
  101  7:02  Overlord  
  101  7:06  Hydralisk  
  101  7:07  Hydralisk  
  105  7:12  Lurker Den  
  105  7:14  Zergling x2  
  106  7:19  Hatchery  
  106  7:20  Hydralisk x2  
  110  7:22  Hydralisk  
  110  7:27  Zergling x2  
  110  7:28  Overseer  
  113  7:32  Hydralisk x4  
  113  7:34  Hydralisk  
  123  7:39  Hydralisk  
  123  7:44  Hydralisk  
  122  7:45  Zergling x2  
  122  7:48  Zergling x2  
  123  7:54  Zergling x2  
  123  7:56  Zergling x2  
  122  7:59  Queen x2  
  122  8:00  Zergling x2  
  122  8:01  Zergling x2  
  122  8:02  Zergling x4  
  130  8:05  Zergling x2  
  130  8:07  Ravager, Zergling x4  
  130  8:10  Zergling x2  
  130  8:12  Zergling x2  
  136  8:14  Zergling x2  
  136  8:19  Zergling x2  
  138  8:20  Zergling x2  
  138  8:21  Zergling x2  
  132  8:27  Hydralisk  
  132  8:29  Zergling x4  
  132  8:30  Zergling x2  
  132  8:31  Hydralisk x2  
  133  8:36  Hydralisk x3  
  133  8:37  Hydralisk x2  
  133  8:38  Hydralisk  
  133  8:39  Zergling x2  
  133  8:41  Lurker x3  
  140  8:42  Zergling x2  
  140  8:46  Zergling x2  
  142  8:50  Zergling x4  
  142  8:54  Lurker  
  142  8:55  Lurker  
  146  8:56  Zergling x2  
  146  8:57  Zergling x2  
  146  8:58  Zergling x4  
  146  8:59  Zergling x2  
  151  9:04  Overlord x2  
  151  9:12  Overlord  
  151  9:16  Overlord  
  151  9:17  Lurker  
  151  9:18  Overlord  
  151  9:23  Zergling x2  
  151  9:24  Extractor  
  151  9:26  Hydralisk, Roach  
  151  9:27  Zergling x2  
  151  9:28  Zergling x2  
  151  9:29  Zergling x4  
  151  9:30  Zergling x2  
  148  9:33  Zergling x2  
  148  9:36  Zergling x2  
  148  9:37  Hydralisk x2  
  122  9:47  Hydralisk x2  
  122  9:48  Hydralisk  
  122  9:49  Hydralisk x2  
  122  9:50  Hydralisk x2  
  96  9:53  Hydralisk  
  88  10:01  Hydralisk  
  88  10:03  Hydralisk  
  88  10:08  Hydralisk  
  88  10:12  Hydralisk  
  78  10:21  Overseer  
  78  10:24  Drone x2  
  78  10:25  Drone  
  78  10:26  Drone  
  78  10:28  Drone  
  78  10:30  Drone  
  80  10:39  Drone  
  80  10:40  Drone  
  82  10:45  Drone  
  82  10:47  Drone  
  81  10:57  Spire  
  81  10:59  Drone x2  
  81  11:02  Drone  
  81  11:03  Drone  
  81  11:04  Drone  
  85  11:09  Drone  
  86  11:13  Drone  
  86  11:14  Drone x3  
  90  11:19  Drone x3  
  90  11:20  Drone  
  90  11:22  Drone  
  95  11:38  Extractor  
  95  11:39  Extractor  
  82  12:10  Mutalisk x10  
  82  12:11  Mutalisk  
  82  12:14  Hatchery, Mutalisk  
  105  12:19  Mutalisk  
  100  12:26  Mutalisk  
Show
View Real Time Build Order
Export as new Build Order

Harstem Protoss - Winner!

Build Orders: 1 Gate Expand, Zealot Archon, Dark Templar Rush 

Get SALT Encoding   

  12  0:01  Probe (Chrono Boost)  
  13  0:12  Probe (Chrono Boost)  
  14  0:18  Pylon  
  14  0:22  Probe (Chrono Boost)  
  15  0:36  Probe (Chrono Boost)  
  15  0:38  Gateway  
  16  0:47  Probe (Chrono Boost)  
  17  0:53  Assimilator  
  17  0:58  Probe (Chrono Boost)  
  18  1:08  Probe (Chrono Boost)  
  19  1:19  Probe (Chrono Boost)  
  20  1:26  Nexus  
  20  1:35  Cybernetics Core  
  20  1:38  Probe (Chrono Boost)  
  21  1:45  Assimilator  
  21  1:49  Probe (Chrono Boost)  
  21  1:53  Pylon  
  22  2:00  Probe (Chrono Boost)  
  23  2:11  Probe (Chrono Boost)  
  23  2:12  Adept (Chrono Boost)  
  23  2:13  Warp Gate  
  26  2:23  Probe  
  26  2:24  Twilight Council  
  27  2:34  Stalker (Chrono Boost)  
  27  2:35  Probe (Chrono Boost)  
  27  2:36  Probe (Chrono Boost)  
  31  2:47  Probe (Chrono Boost)  
  33  2:51  Probe (Chrono Boost)  
  33  2:58  Robotics Facility  
  33  2:59  Probe (Chrono Boost)  
  33  3:02  Probe (Chrono Boost)  
  35  3:10  Probe (Chrono Boost)  
  34  3:15  Probe (Chrono Boost)  
  35  3:22  Probe (Chrono Boost), Gateway  
  35  3:26  Probe (Chrono Boost), Dark Shrine  
  38  3:34  Probe (Chrono Boost)  
  38  3:36  Probe (Chrono Boost), Gateway  
  39  3:45  Probe (Chrono Boost), Warp Prism (Chrono Boost)  
  39  3:47  Mothership Core  
  42  3:53  Pylon  
  44  3:57  Charge  
  44  3:58  Probe  
  45  4:06  Gateway  
  45  4:07  Probe  
  46  4:11  Pylon, Probe (Chrono Boost)  
  47  4:18  Probe (Chrono Boost)  
  47  4:23  Probe (Chrono Boost)  
  49  4:30  Probe (Chrono Boost)  
  49  4:31  Nexus  
  50  4:36  Probe (Chrono Boost)  
  50  4:37  Pylon  
  51  4:42  Dark Templar x2  
  51  4:44  Probe (Chrono Boost)  
  56  4:47  Assimilator  
  56  4:51  Probe (Chrono Boost)  
  57  4:54  Assimilator  
  57  4:55  Probe (Chrono Boost)  
  57  4:56  Pylon  
  58  5:02  Probe (Chrono Boost)  
  59  5:24  Probe x2 (Chrono Boost)  
  61  5:31  Dark Templar x2  
  61  5:32  Zealot x2  
  61  5:33  Archon  
  61  5:34  Probe x2 (Chrono Boost)  
  71  5:36  Pylon  
  71  5:37  Forge, Archon  
  71  5:41  Immortal (Chrono Boost)  
  71  5:42  Probe, Pylon  
  75  5:43  Probe  
  75  5:45  Probe  
  78  5:53  Probe  
  78  5:54  Probe  
  80  5:57  Probe  
  80  6:02  Zealot x2  
  80  6:03  Probe  
  85  6:04  Zealot  
  85  6:05  Zealot  
  85  6:09  Probe  
  85  6:11  Probe  
  89  6:12  Immortal (Chrono Boost)  
  89  6:15  Probe  
  89  6:17  Protoss Ground Weapons Level 1 (Chrono Boost)  
  91  6:21  Probe x2  
  91  6:22  Assimilator  
  91  6:26  Zealot x4, Assimilator  
  91  6:27  Probe  
  96  6:33  Probe  
  96  6:39  Probe  
  95  6:41  Probe  
  95  6:45  Immortal  
  95  6:46  Gateway  
  91  6:50  Robotics Facility  
  91  6:53  Sentry  
  91  6:54  Zealot, Sentry x2  
  100  6:57  Pylon  
  100  6:59  Pylon  
  103  7:02  Pylon  
  103  7:05  Gateway  
  103  7:07  Probe  
  104  7:09  Pylon  
  104  7:12  Pylon  
  104  7:15  Zealot, Gateway, Templar Archives  
  104  7:19  Zealot x2  
  110  7:23  Pylon  
  110  7:26  Immortal (Chrono Boost)  
  114  7:37  Zealot x2  
  114  7:42  Probe  
  119  7:45  Cybernetics Core  
  119  7:49  Zealot x2  
  123  7:53  Immortal (Chrono Boost)  
  123  7:58  Protoss Ground Weapons Level 2  
  125  7:59  Probe  
  125  8:04  Gateway, Psionic Storm  
  130  8:06  Immortal (Chrono Boost)  
  130  8:08  Zealot x3  
  130  8:09  Zealot x2  
  140  8:15  Probe  
  141  8:24  Immortal  
  139  8:32  Robotics Bay  
  139  8:34  Zealot x4  
  143  8:43  Observer  
  143  8:45  Photon Cannon  
  136  8:50  Pylon  
  136  8:52  Dark Templar  
  138  9:01  High Templar  
  138  9:02  High Templar x2  
  144  9:03  Observer  
  144  9:05  Observer  
  144  9:07  Pylon  
  144  9:08  Pylon  
  146  9:10  Zealot x4  
  146  9:13  Photon Cannon  
  152  9:19  Disruptor  
  152  9:25  Disruptor  
  154  9:35  Zealot x2  
  154  9:36  Zealot x5  
  147  9:49  Zealot  
  147  9:50  Disruptor  
  129  9:59  Zealot x7  
  140  10:01  Disruptor  
  131  10:13  Probe  
  120  10:17  Dark Templar  
  120  10:19  Pylon  
  114  10:21  Immortal  
  114  10:23  Protoss Ground Weapons Level 3 (Chrono Boost)  
  114  10:26  Dark Templar x2  
  114  10:27  Dark Templar, High Templar  
  122  10:28  Zealot x2  
  122  10:31  Archon  
  122  10:32  Archon  
  126  10:38  Observer  
  125  10:52  High Templar  
  125  10:53  High Templar  
  125  10:54  Zealot, High Templar  
  133  11:04  Observer  
  134  11:06  Mothership Core  
  134  11:08  Immortal  
  134  11:09  Photon Cannon  
  137  11:13  Zealot x4  
  137  11:15  Pylon  
  148  11:22  Zealot  
  148  11:38  Zealot  
  148  11:39  Zealot x6  
  158  11:41  Immortal  
  158  11:44  Pylon  
  162  11:48  Nexus  
  162  11:49  Pylon  
  162  11:52  Immortal  
  162  12:01  Stargate  
  166  12:02  Stargate  
  166  12:06  Zealot x2, Dark Templar  
  172  12:09  Zealot  
  173  12:21  Observer  
  173  12:22  Zealot x4  
  180  12:39  Dark Templar x2  
  180  12:42  Pylon  
  170  12:53  Dark Templar x2  
Tags
 
Add a new tag
Caveats
  • Supply blocks, unpowered buildings, or Contaminate may cause inaccurate times.
  • Supply counts are checked every 10 seconds.